 Dungeon Crawl Stone Soup version 0.21.1-1-g345015f (webtiles) character file.

164640 VLARC the Geomancer (level 16, -11/137 HPs)
             Began as a Demigod Earth Elementalist on Apr 3, 2018.
             Mangled by a shock serpent (14 damage)
             ... on level 4 of the Snake Pit on Apr 4, 2018.
             The game lasted 02:28:31 (49535 turns).

VLARC the Geomancer (Demigod Earth Elementalist)   Turns: 49535, Time: 02:28:32

Health: -11/137    AC: 20    Str:  7    XL:     16   Next: 71%
Magic:  3/35       EV: 15    Int: 29    God:
Gold:   1297       SH:  5    Dex: 16    Spells: 8/36 levels left

rFire    + . .     SeeInvis +   R - +5 demon trident (pain)
rCold    + . .     Gourm    +   q - +0 buckler
rNeg     + . .     Faith    .   F - +4 ring mail "Luiqan" {rC+ Int+2 SInv}
rPois    +         Spirit   .   r - +2 helmet
rElec    .         Reflect  .   O - +1 cloak {rPois}
rCorr    .         Harm     .   J - +0 pair of gloves
MR       +....                  d - +1 pair of boots
Stlth    ++........             U - amulet of the gourmand
HPRegen  0.32/turn              p - ring "Zouqiczi" {Wiz +Blink Slay+4}
MPRegen  0.24/turn              N - ring "Hanili" {rPois rF+ rN+ Str-4 Stlth+}

@: no status effects
A: high mp 1, weak 1
a: Evoke Blink


You were on level 4 of the Snake Pit.
You were full.

You visited 4 branches of the dungeon, and saw 27 of its levels.
You also visited: Ice Cave.

You collected 2639 gold pieces.
You spent 1342 gold pieces at shops.

Inventory:

Hand Weapons
 R - a +5 demon trident of pain (weapon)
Missiles
 n - 407 stones (quivered)
Armour
 d - a +1 pair of boots (worn)
 q - a +0 buckler (worn)
 r - a +2 helmet (worn)
 F - the +4 ring mail "Luiqan" (worn) {rC+ Int+2 SInv}
   (You bought it in a shop on level 9 of the Dungeon)

   It affects your intelligence (+2).
   It protects you from cold.
   It lets you see invisible.
 J - a +0 pair of gloves (worn)
 O - a +1 cloak of poison resistance (worn)
Jewellery
 p - the ring "Zouqiczi" (left hand) {Wiz +Blink Slay+4}
   (You found it on level 6 of the Dungeon)

   [ring of wizardry]

   It improves your spell success rate.
   It affects your accuracy and damage with ranged weapons and melee attacks
   (+4).
   It lets you blink.
 t - an uncursed ring of magical power
 N - the ring "Hanili" (right hand) {rPois rF+ rN+ Str-4 Stlth+}
   (You found it on level 10 of the Dungeon)

   [ring of positive energy]

   It affects your strength (-4).
   It protects you from fire.
   It protects you from poison.
   It protects you from negative energy.
   It makes you more stealthy.
 U - an amulet of the gourmand (around neck)
 Z - an uncursed ring of protection from cold
Wands
 b - a wand of paralysis (16)
 h - a wand of acid (15)
 o - a wand of digging (59)
 C - a wand of enslavement (4)
 H - a wand of flame (11)
 K - a wand of disintegration (20)
 S - a wand of clouds (4)
Scrolls
 a - 10 scrolls of teleportation
 g - 6 scrolls of blinking
 i - 8 scrolls of remove curse
 j - 7 scrolls of identify
 k - 4 scrolls of fear
 y - 6 scrolls of enchant armour
 A - 7 scrolls of amnesia
 I - 5 scrolls of magic mapping
 T - a scroll of holy word
 W - a scroll of fog
Potions
 c - 3 potions of resistance
 e - 2 potions of might
 l - 16 potions of curing
 m - 6 potions of berserk rage
 s - 4 potions of ambrosia
 u - 5 potions of heal wounds
 w - 6 potions of brilliance
 x - 3 potions of lignification
 z - a potion of haste
 B - 2 potions of magic
 D - 3 potions of mutation
 E - 2 potions of flight
 L - a potion of agility
 Q - a potion of cancellation
 X - a potion of invisibility
Books
 V - a book of the Earth

   Spells                             Type                      Level
   a - Leda's Liquefaction            Hexes/Earth                  4
   b - Bolt of Magma                  Conjuration/Fire/Earth       5
   c - Statue Form                    Transmutation/Earth          6
   d - Iron Shot                      Conjuration/Earth            6
   e - Shatter                        Earth                        9
 Y - a book of Ice

   Spells                             Type                      Level
   a - Ice Form                       Ice/Transmutation            4
   b - Metabolic Englaciation         Hexes/Ice                    5
   c - Ozocubu's Refrigeration        Ice                          6
   d - Bolt of Cold                   Conjuration/Ice              6
   e - Freezing Cloud                 Conjuration/Ice/Air          6
   f - Simulacrum                     Ice/Necromancy               6
Miscellaneous
 G - a lamp of fire
Comestibles
 f - 49 rations


   Skills:
 - Level 11.0 Fighting
 + Level 9.2 Polearms
 - Level 8.5 Armour
 - Level 10.2 Dodging
 - Level 1.7 Stealth
 - Level 4.0 Shields
 - Level 10.5 Spellcasting
 - Level 11.3 Conjurations
 - Level 4.3 Necromancy
 - Level 0.8 Transmutations
 + Level 6.4 Ice Magic
 - Level 13.2 Earth Magic
 - Level 2.1 Evocations


You had 8 spell levels left.
You knew the following spells:

 Your Spells              Type           Power        Failure   Level  Hunger
a - Sandblast             Erth           ######       1%          1    None
b - Stone Arrow           Conj/Erth      ######       1%          3    None
c - Lee's Rapid Deconstr  Erth           #######...   1%          5    ###....
d - Petrify               Tmut/Erth      ######..     2%          4    None
e - Blink                 Tloc           N/A          6%          2    None
f - Iron Shot             Conj/Erth      ######....   4%          6    #####..
g - Simulacrum            Ice/Necr       #####.....   52%         6    #####..
h - Animate Skeleton      Necr           N/A          1%          1    None


Dungeon Overview and Level Annotations

Branches:
Dungeon (15/15)            Temple (0/1) D:4            Lair (6/6) D:9
 Shoals (0/4) Lair:2        Snake (4/4) Lair:3        Slime (0/5) Lair:5
    Orc (2/2) D:12            Elf (0/3) Orc:2        Vaults (0/5) D:13
 Depths (0/5) D:15

Shops:
D:4 :   D:9 [   D:10 [((%(   Orc:2 *!?=*(*=

Portals:
Bazaar: D:15

Annotations:
Lair:2 exclusion: 2 doors
Orc:1 trans


Innate Abilities, Weirdness & Mutations

You have an increased reservoir of magic. (+10% MP)
You are weak. (Str -2)


Message History

Items here: )) [ รทรท a long sword; a mace; a robe; a naga skeleton x2
The shock serpent bites you.
* * * LOW HITPOINT WARNING * * *
The shock serpent shocks you!
* * * LOW HITPOINT WARNING * * *
You see here a bolt.
The shock serpent closely misses you.
There is a stone staircase leading up, spattered with blood here.
You feel much better. The shock serpent bites you.
* * * LOW HITPOINT WARNING * * *
The shock serpent shocks you!
* * * LOW HITPOINT WARNING * * *
The shock serpent shoots out a bolt of lightning at you!
The bolt of electricity hits you!
* * * LOW HITPOINT WARNING * * *
The shock serpent bites you!
* * * LOW HITPOINT WARNING * * *
The shock serpent shocks you!
You die...

#........... .......#.#
#.#..#.#.#.. .......#.# +
#.#....#.##########.#.##.#.
#.#.##..............(......
#.#......###.####.#.#).....
#.####.#### #.#.#..#.##
#.........# # #.#.#..#...
######.##.##.####.#.#..# ..
#.....@.......#.#..# .
#...#S#########.#..# .
#........[......#..#
#....N..........#..#
#....N..........#
##..............#
#...#.#########.#
#######N..........#
...................


You could see a nagaraja, a shock serpent and 2 naga magi.

Vanquished Creatures
  Rupert (D:15)
  Kirke (D:14)
  Gastronok (D:9)
  Agnes (D:15)
  4 nagarajas
  A fire giant (D:15)
  A frost giant (IceCv)
  Azrael (Snake:2)
  2 ettins
  A fire dragon (D:10)
  2 vault guards (D:13)
  11 naga warriors
  Erolcha (D:11)
  10 hydras
  A catoblepas (D:15)
  2 anacondas
  3 centaur warriors
  9 two-headed ogres
  13 naga sharpshooters
  6 orc high priests
  4 death yaks
  Urug (Orc:1)
  2 tengu warriors
  Nergalle (Lair:1)
  Sonja (D:15)
  6 shock serpents
  A fire crab (Lair:6)
  2 salamander mystics
  The ghost of Verendum the Magician, a novice GnSk of Makhleb (D:8)
  An unseen horror (D:11)
  2 naga ritualists (Snake:2)
  A lindwurm (Lair:5)
  A deep elf archer (D:10)
  2 deep elf magi
  3 necromancers (D:13)
  8 salamanders
  10 ugly things
  7 mana vipers
  2 orc sorcerers (Orc:2)
  6 cyclopes
  A manticore (D:15)
  A merfolk siren (Lair:2)
  8 naga magi
  5 gargoyles
  A guardian serpent (Snake:3)
  29 black mambas
  An ice statue (IceCv)
  A torpor snail (Lair:3)
  3 centaur skeletons
  4 orange demons (D:12)
  A kobold demonologist (D:15)
  21 spiny frogs
  2 efreet (D:15)
  6 rime drakes
  A freezing wraith (D:15)
  4 komodo dragons
  2 red devils (D:12)
  13 trolls
  16 polar bears
  A hornet (Lair:5)
  3 tyrant leeches (Lair:6)
  A queen bee (Lair:4)
  3 meliai (Lair:4)
  8 hippogriffs
  5 slime creatures (D:15)
  26 blink frogs
  A vampire (D:12)
  A shadow (D:10)
  3 wyverns
  A water elemental (D:13)
  57 yaks
  6 hogs
  19 humans
  A wraith (D:10)
  4 fire elementals
  2 basilisks (Lair:4)
  17 vampire mosquitoes
  2 wargs
  14 water moccasins
  4 hell hounds
  34 nagas
  7 porcupines
  2 black bears
  2 ice beasts
  22 orc warriors
  5 sky beasts
  A phantom (D:9)
  3 eyes of draining
  18 wolves
  8 necrophages (D:10)
  11 ogres
  11 centaurs
  6 big kobolds
  12 crocodiles
  25 bullfrogs
  A wyvern zombie (D:14)
  A wyvern skeleton (D:11)
  A scorpion (D:14)
  44 killer bees
  7 wights
  6 electric eels
  9 howler monkeys
  9 crimson imps
  6 hounds
  3 bullfrog zombies
  A quasit (D:6)
  3 centaur zombies
  28 orc priests
  3 bullfrog skeletons
  3 jellies
  26 orc wizards
  6 hell rats (Lair:4)
  5 iguanas
  11 worker ants
  2 hound zombies
  2 mummies (D:10)
  Robin (D:4)
  4 worker ant zombies
  15 adders
  6 shadow imps
  2 oozes (D:1)
  2 adder zombies
  2 adder skeletons
  3 worms
  2 leopard geckos
  107 orcs
  2 giant cockroaches (D:1)
  14 goblins
  13 hobgoblins
  10 jackals
  3 quokkas
  3 ball pythons
  4 bats
  6 frilled lizards
  29 kobolds
  A leopard gecko skeleton (D:3)
  A quokka skeleton (D:5)
  A quokka zombie (D:8)
  11 rats
  A fungus (Lair:5)
  2 plants
1022 creatures vanquished.

Vanquished Creatures (collateral kills)
  A mana viper (Snake:3)
  A salamander (Snake:1)
  A black mamba (Snake:3)
  A naga mage (Snake:3)
  2 nagas
6 creatures vanquished.

Vanquished Creatures (others)
  A necromancer (D:13)
  A naga (Snake:3)
  3 killer bees (Lair:4)
  An orc priest (Orc:2)
  35 fungi
  55 plants
96 creatures vanquished.

Grand Total: 1124 creatures vanquished

Notes
Turn   | Place    | Note
-------+----------+-------------------------------------------
     0 | D:1      | VLARC the Demigod Earth Elementalist began the quest for the Orb.
     0 | D:1      | Reached XP level 1. HP: 14/14 MP: 5/5
    93 | D:1      | Reached skill level 3 in Earth Magic
   457 | D:1      | Reached XP level 2. HP: 20/20 MP: 2/7
  1276 | D:1      | Reached XP level 3. HP: 18/26 MP: 8/8
  1559 | D:2      | Reached skill level 4 in Earth Magic
  2329 | D:2      | Reached XP level 4. HP: 30/33 MP: 4/9
  2535 | D:2      | Reached skill level 5 in Earth Magic
  2776 | D:2      | Found an opulent altar of Gozag.
  3142 | D:3      | Reached XP level 5. HP: 21/38 MP: 10/10
  3364 | D:3      | Learned a level 3 spell: Stone Arrow
  3858 | D:3      | Found a sacrificial altar of Ru.
  4036 | D:3      | Reached skill level 1 in Conjurations
  4222 | D:4      | Noticed Robin
  4251 | D:4      | Killed Robin
  4319 | D:4      | Reached skill level 6 in Earth Magic
  4374 | D:4      | Reached XP level 6. HP: 29/45 MP: 7/11
  4479 | D:4      | Found Agenise's Book Shop.
  4665 | D:4      | Found a bloodstained altar of Trog.
  4685 | D:4      | Found a staircase to the Ecumenical Temple.
  4741 | D:4      | Found a hide-covered altar of Uskayaw.
  4922 | D:4      | Found a radiant altar of Vehumet.
  5230 | D:5      | Entered Level 5 of the Dungeon
  5587 | D:5      | Reached XP level 7. HP: 48/50 MP: 1/12
  5829 | D:5      | Learned a level 5 spell: Lee's Rapid Deconstruction
  6202 | D:6      | Reached skill level 7 in Earth Magic
  6299 | D:6      | Found a deep blue altar of Sif Muna.
  6962 | D:6      | Got a crude iron ring
  7030 | D:6      | Reached skill level 5 in Conjurations
  7123 | D:6      | Reached XP level 8. HP: 57/57 MP: 6/13
  7273 | D:7      | Reached skill level 8 in Earth Magic
  7434 | D:7      | Noticed a cyclops
  8037 | D:8      | Got an ichor-stained hand axe
  8038 | D:8      | Identified the cursed +1 hand axe "Demigod's Curse" {freeze, Int+3} (You found it on level 8 of the Dungeon)
  8039 | D:8      | Identified the ring "Zouqiczi" {Wiz +Blink Slay+4} (You found it on level 6 of the Dungeon)
  8080 | D:8      | Noticed Verendum's ghost (novice GnSk)
  8193 | D:8      | Found an ornate altar of the Wu Jian Council.
  8265 | D:7      | Reached skill level 9 in Earth Magic
  8427 | D:8      | Noticed a five-headed hydra
  8436 | D:8      | Killed a five-headed hydra
  8436 | D:8      | Reached XP level 9. HP: 62/62 MP: 0/19
  8617 | D:8      | Reached skill level 5 in Spellcasting
  8940 | D:8      | Killed Verendum's ghost
  9198 | D:8      | Noticed a two-headed ogre
  9214 | D:8      | Killed a two-headed ogre
  9811 | D:8      | Found a stormy altar of Qazlal.
 10062 | D:8      | Reached XP level 10. HP: 69/69 MP: 14/26
 10502 | D:9      | Found Axuplime's Antique Armour Shoppe.
 10511 | D:9      | Bought a silken robe for 153 gold pieces
 10521 | D:9      | Identified the cursed +1 robe of the Lizard {+Blink} (You bought it in a shop on level 9 of the Dungeon)
 10533 | D:9      | Bought a pitted ring mail for 243 gold pieces
 10543 | D:9      | Identified the +4 ring mail "Luiqan" {rC+ Int+2 SInv} (You bought it in a shop on level 9 of the Dungeon)
 10647 | D:9      | Found a hazy altar of Hepliaklqana.
 10648 | D:9      | Found a white marble altar of Elyvilon.
 10692 | D:9      | Reached skill level 1 in Evocations
 10871 | D:9      | Reached skill level 10 in Earth Magic
 10884 | D:9      | Reached skill level 1 in Fighting
 11204 | D:9      | Found a shimmering altar of Xom.
 11208 | D:9      | Found a radiant altar of Vehumet.
 11208 | D:9      | Found a bloodstained altar of Trog.
 11210 | D:9      | Found a hazy altar of Hepliaklqana.
 11210 | D:9      | Found an opulent altar of Gozag.
 11210 | D:9      | Found a shattered altar of Ashenzari.
 11338 | D:9      | Found a staircase to the Lair.
 11371 | D:9      | Noticed Gastronok
 11406 | D:9      | Killed Gastronok
 11406 | D:9      | Reached skill level 5 in Fighting
 12072 | D:9      | Learned a level 4 spell: Petrify
 12132 | Lair:1   | Entered Level 1 of the Lair of Beasts
 12170 | Lair:1   | Noticed a seven-headed hydra
 12205 | Lair:1   | Killed a seven-headed hydra
 12236 | D:9      | Reached XP level 11. HP: 62/91 MP: 1/27
 12396 | Lair:1   | Noticed Nergalle
 12617 | Lair:1   | Killed Nergalle
 13745 | Lair:2   | Found a staircase to the Shoals.
 13750 | Lair:2   | Noticed a four-headed hydra
 14526 | Lair:2   | Noticed a seven-headed hydra
 14528 | Lair:2   | Killed a seven-headed hydra
 15107 | Lair:3   | Noticed a five-headed hydra
 15115 | Lair:3   | Killed a five-headed hydra
 15243 | Lair:3   | Reached skill level 5 in Dodging
 15415 | Lair:3   | Noticed a death yak
 15415 | Lair:3   | Noticed a death yak
 15431 | Lair:3   | Killed a death yak
 15555 | Lair:3   | Killed a death yak
 15991 | Lair:3   | Found a staircase to the Snake Pit.
 16878 | Lair:4   | Reached XP level 12. HP: 104/104 MP: 21/28
 17875 | Lair:4   | Noticed an eight-headed hydra
 17880 | Lair:4   | Killed an eight-headed hydra
 17880 | Lair:4   | Reached skill level 10 in Fighting
 18745 | Lair:5   | Found a staircase to the Slime Pits.
 18745 | Lair:5   | Found a viscous altar of Jiyva.
 18813 | Lair:5   | Noticed a seven-headed hydra
 18818 | Lair:5   | Killed a seven-headed hydra
 20014 | Lair:6   | Entered Level 6 of the Lair of Beasts
 20547 | Lair:6   | Reached XP level 13. HP: 116/116 MP: 11/29
 20610 | Lair:6   | Reached skill level 10 in Dodging
 21023 | Lair:6   | Reached skill level 1 in Armour
 21880 | Lair:6   | Reached skill level 5 in Armour
 23452 | Lair:6   | Learned a level 2 spell: Blink
 24036 | D:10     | Entered Level 10 of the Dungeon
 24408 | D:10     | Found Soafabirph's Weapon Boutique.
 24417 | D:10     | Found a shimmering altar of Xom.
 24427 | D:10     | Found Pauzidy's Weapon Shoppe.
 24498 | D:10     | Found Keraoferha's Antique Armour Boutique.
 24516 | D:10     | Bought a steaming shield for 266 gold pieces
 24516 | D:10     | Bought a fabulously ornate robe for 159 gold pieces
 24523 | D:10     | Identified the +0 robe of Lihos {rElec rN+ Slay+3} (You bought it in a shop on level 10 of the Dungeon)
 24524 | D:10     | Identified the -5 shield "Ofoetz" {rElec rPois Int-3 Dex+3} (You bought it in a shop on level 10 of the Dungeon)
 24963 | D:10     | Found Ybleqeka's Food Boutique.
 25239 | D:10     | Found Zimen's Weapon Shop.
 25853 | D:10     | Got a flickering copper ring
 25867 | D:10     | Learned a level 6 spell: Iron Shot
 25868 | D:10     | Identified the ring "Hanili" {rPois rF+ rN+ Str-4 Stlth+} (You found it on level 10 of the Dungeon)
 26052 | D:11     | Found a frozen archway.
 26064 | IceCv    | Entered an ice cave
 26542 | IceCv    | Reached XP level 14. HP: 114/124 MP: 22/31
 27034 | IceCv    | Reached skill level 11 in Earth Magic
 27317 | IceCv    | Noticed a frost giant
 27336 | IceCv    | Killed a frost giant
 27958 | D:11     | Noticed Erolcha
 28980 | D:11     | Killed Erolcha
 30515 | D:12     | Reached skill level 12 in Earth Magic
 31061 | D:12     | Found a roughly hewn altar of Beogh.
 31061 | D:12     | Found a staircase to the Orcish Mines.
 32657 | D:13     | Reached skill level 10 in Conjurations
 33071 | D:13     | Found a gate to the Vaults.
 34488 | D:14     | Noticed Kirke
 34499 | D:14     | Killed Kirke
 34499 | D:14     | Reached XP level 15. HP: 125/129 MP: 5/32
 35071 | D:15     | Entered Level 15 of the Dungeon
 35075 | D:14     | Reached skill level 13 in Earth Magic
 35901 | D:15     | Noticed Rupert
 35905 | D:15     | Killed Rupert
 36100 | D:15     | Learned a level 6 spell: Simulacrum
 36104 | D:15     | Found a staircase to the Depths.
 36105 | D:15     | Noticed a fire giant
 36106 | D:15     | Noticed Sonja
 36172 | D:15     | Killed Sonja
 36250 | D:15     | Killed a fire giant
 36250 | D:15     | Reached skill level 1 in Necromancy
 36250 | D:15     | Reached skill level 1 in Ice Magic
 36396 | D:15     | Reached skill level 1 in Polearms
 36434 | D:15     | Noticed Agnes
 36544 | D:15     | Found a gateway to a bazaar.
 37020 | D:15     | Found a glowing golden altar of the Shining One.
 37154 | D:15     | Found a shimmering altar of Xom.
 37551 | D:15     | Killed Agnes
 37913 | Orc:1    | Entered Level 1 of the Orcish Mines
 38069 | Orc:1    | Found a transporter.
 38069 | Orc:1    | Noticed Urug
 38077 | Orc:1    | Found a roughly hewn altar of Beogh.
 38729 | Orc:1    | Killed Urug
 38968 | Orc:2    | Entered Level 2 of the Orcish Mines
 39080 | Orc:2    | Found a staircase to the Elven Halls.
 39122 | Orc:2    | Found Vonaum's Jewellery Shoppe.
 39384 | Orc:2    | Gained mutation: You are weak. (Str -2) [a neqoxec]
 39654 | Orc:2    | Found Icutocw's Magic Scroll Shoppe.
 39680 | Orc:2    | Bought a scroll of blinking for 75 gold pieces
 39680 | Orc:2    | Bought a scroll of teleportation for 30 gold pieces
 40180 | Orc:2    | Found Jarul's Assorted Antiques.
 40180 | Orc:2    | Found Dufudec's Jewellery Shop.
 40180 | Orc:2    | Found Sutib's Weapon Boutique.
 40183 | Orc:2    | Found Doduada's General Store.
 40187 | Orc:2    | Bought 2 potions of resistance for 240 gold pieces
 40356 | Orc:2    | Found Yklilirch's Distillery.
 40357 | Orc:2    | Found Usur's General Store.
 40374 | Orc:2    | Bought 2 potions of magic for 176 gold pieces
 40733 | Snake:1  | Entered Level 1 of the Snake Pit
 42219 | Snake:1  | Reached skill level 5 in Polearms
 43855 | Snake:2  | Reached XP level 16. HP: 134/137 MP: 21/34
 44941 | Snake:2  | Reached skill level 10 in Spellcasting
 45146 | Snake:2  | Noticed Azrael
 45530 | Snake:2  | Killed Azrael
 45704 | Snake:1  | Learned a level 1 spell: Animate Skeleton
 47851 | Snake:3  | Found a radiant altar of Vehumet.
 48446 | Snake:3  | Reached skill level 5 in Ice Magic
 48789 | Snake:4  | Entered Level 4 of the Snake Pit
 49535 | Snake:4  | HP: 3/137 [shock serpent (10)]
 49535 | Snake:4  | Mangled by a shock serpent

Skill      XL: |  1  2  3  4  5  6  7  8  9 10 11 12 13 14 15 16 |
---------------+-------------------------------------------------+-----
Earth Magic    | 3 4 5 6 7 9 10 12 13 | 13.2
Conjurations   | 1 3 5 6 7 10 11 | 11.3
Spellcasting   | 4 8 9 10 | 10.5
Evocations     | 2 |  2.1
Fighting       | 6 9 11 | 11.0
Shields        | 4 |  4.0
Dodging        | 6 9 10 | 10.2
Armour         | 8 |  8.5
Necromancy     | 4 |  4.3
Ice Magic      | 4 6 |  6.4
Polearms       | 5 9 |  9.2
Stealth        | |  1.7
Transmutations | |  0.8

Action                   |  1- 3 |  4- 6 |  7- 9 | 10-12 | 13-15 | 16-18 || total
-------------------------+-------+-------+-------+-------+-------+-------++-------
Melee: Unarmed           |   163 |   170 |       |       |       |       ||   333
       Quarterstaff      |       |    21 |    89 |       |       |       ||   110
       Hand axe          |       |       |    60 |   138 |   651 |       ||   849
       Scimitar          |       |       |     5 |       |       |       ||     5
       Demon trident     |       |       |       |       |   422 |   309 ||   731
Throw: Stone             |     2 |     2 |     6 |    15 |    19 |       ||    44
 Cast: Sandblast         |    37 |    75 |    85 |    83 |    67 |       ||   347
       Stone Arrow       |       |    10 |    34 |   193 |   337 |    11 ||   585
       Lee's Rapid Decon |       |       |    13 |    37 |   107 |    17 ||   174
       Petrify           |       |       |       |     6 |     4 |       ||    10
       Iron Shot         |       |       |       |       |   108 |    79 ||   187
       Blink             |       |       |       |       |     7 |     3 ||    10
 Abil: Evoke Blink       |       |       |       |     4 |     1 |     1 ||     6
Evoke: Wand              |       |       |       |    11 |    24 |       ||    35
       Lamp of fire      |       |       |       |     2 |     2 |       ||     4
  Use: Scroll            |       |    12 |     4 |    12 |    22 |     5 ||    55
       Potion            |       |       |     1 |     1 |     1 |     5 ||     8
 Stab: Sleeping          |     1 |     6 |     2 |       |     7 |     1 ||    17
       Petrified         |       |       |       |       |    11 |       ||    11
       Petrifying        |       |       |       |       |     1 |       ||     1
  Eat: Chunk             |     5 |     9 |    15 |    33 |   106 |    13 ||   181
       Ration            |       |     1 |     2 |     4 |     5 |     9 ||    21
Armor: Robe              |    33 |    42 |    62 |     2 |       |       ||   139
       Ring mail         |       |       |       |   113 |   531 |   132 ||   776
       Skin              |       |       |       |       |       |    44 ||    44
Dodge: Dodged            |   113 |   133 |   161 |   186 |   896 |   234 ||  1723
Block: Buckler           |       |       |     7 |    57 |   349 |    91 ||   504
       Rpst.: Scimitar   |       |       |     5 |       |       |       ||     5
